 Dungeon Crawl Stone Soup version 0.24.0-123-gd5b16e6ec5 (webtiles) character file.

Game seed: 778609905247802025, levelgen mode: deterministic

163 Descartes the Magician (level 5, -10/24 HPs)
             Began as a Spriggan Wizard on Jan 31, 2020.
             Shot with an arrow by a centaur (12 damage)
             ... on level 4 of the Dungeon.
             The game lasted 00:06:04 (4747 turns).

Descartes the Magician (Spriggan Wizard)            Turns: 4747, Time: 00:06:06

Health: -10/24     AC:  2    Str:  3    XL:     5   Next: 20%
Magic:  8/14       EV: 20    Int: 20    God:
Gold:   131        SH:  0    Dex: 19    Spells: 14/15 levels left

rFire    . . .     SeeInvis +   u - +0 falchion
rCold    . . .     Gourm    .   (shield restricted)
rNeg     . . .     Faith    .   a - +0 robe
rPois    .         Spirit   .   b - +0 hat
rElec    .         Reflect  .   (no cloak)
rCorr    .         Harm     .   (gloves unavailable)
MR       .....                  (boots unavailable)
Stlth    +++.......             (no amulet)
HPRegen  0.08/turn              n - +4 ring of dexterity
MPRegen  0.14/turn              (no ring)

@: very quick
A: very small, unfitting armour, see invisible, herbivore, speed 3, slow
metabolism 2
a: no special abilities


You were on level 4 of the Dungeon.
You were hungry.

You visited 1 branch of the dungeon, and saw 4 of its levels.

You collected 131 gold pieces.

Inventory:

Hand Weapons
 j - a +0 dagger
 u - a +0 falchion (weapon)
 w - a +0 hunting sling
Missiles
 c - 162 stones (quivered)
 f - 23 bolts
 l - 11 arrows
 q - 17 poisoned darts
Armour
 a - a +0 robe (worn)
 b - a +0 hat (worn)
Jewellery
 n - a +4 ring of dexterity (left hand)
Scrolls
 g - 5 scrolls of teleportation {unknown}
 h - a scroll of fog {unknown}
 i - 4 scrolls of identify {unknown}
 k - 2 scrolls of remove curse {unknown}
 m - a scroll of blinking {unknown}
 r - a scroll of magic mapping {unknown}
 v - a scroll of enchant weapon {unknown}
 x - a scroll of immolation {unknown}
 y - a scroll of fear {unknown}
Potions
 e - a potion of brilliance {unknown}
 o - a potion of flight {unknown}
 p - a potion of resistance {unknown}
 s - a potion of curing {unknown}
 t - 2 potions of haste {unknown}
 z - a potion of heal wounds {unknown}
Comestibles
 d - 6 rations


   Skills:
 + Level 4.2 Dodging
 + Level 4.1 Stealth
 - Level 0.1 Unarmed Combat
 * Level 5.7 Spellcasting
 * Level 1.8 Conjurations
   Level 0.7 Summonings
   Level 1.5 Translocations


You had 14 spell levels left.
You knew the following spells:

 Your Spells              Type           Power        Failure   Level  Hunger
a - Magic Dart            Conj           ##..         4%          1    None

Your spell library contained the following spells:

 Spells                   Type           Power        Failure   Level  Hunger
 Blink                    Tloc           N/A          9%          2    None
 Call Imp                 Summ           #.......     12%         2    None
 Slow                     Hex            #.......     16%         2    None
 Conjure Flame            Conj/Fire      #.......     22%         3    ##.....
 Mephitic Cloud           Conj/Pois/Air  #.......     26%         3    ##.....


Dungeon Overview and Level Annotations

Branches:
Dungeon (4/15)
 Temple: D:4-7

Altars:


Innate Abilities, Weirdness & Mutations

You are very small and have problems with some larger weapons.
You are too small for most types of armour.
You have supernaturally acute eyesight. (SInv)
You are a herbivore.
You cover ground extremely quickly.
You need to consume almost no food.


Message History

Aiming: Magic Dart (safe; 4% risk of failure)
Press: ? - help, Shift-Dir - straight line, f/p - centaur
Aim: a centaur, wielding a +0 shortbow (moderately wounded)
The magic dart hits the centaur.
The centaur is moderately wounded.
The centaur shoots an arrow.
The arrow hits you!
Ouch! That really hurt!
* * * LOW HITPOINT WARNING * * *
Casting: Magic Dart (safe; 4% risk of failure)
Confirm with . or Enter, or press ? or * to list all spells.
Aiming: Magic Dart (safe; 4% risk of failure)
Press: ? - help, Shift-Dir - straight line, f/p - centaur
Aim: a centaur, wielding a +0 shortbow (moderately wounded)
The magic dart hits the centaur.
The centaur is heavily wounded.
The centaur shoots an arrow.
The arrow hits you.
* * * LOW HITPOINT WARNING * * *
The centaur shoots an arrow.
The arrow hits you!
Ouch! That really hurt!
You die... ########## #.@....... #.##.##### #. .# #? .. #c .. .o .. #. # #.

You could see a centaur and an orc.

Vanquished Creatures
  A howler monkey zombie (D:2)
  7 adders
  3 oozes
  2 worms
  5 dart slugs
  4 leopard geckos
  A giant cockroach (D:2)
  6 goblins
  7 hobgoblins
  6 jackals
  A ball python (D:2)
  5 bats
  2 frilled lizards (D:3)
  5 kobolds
  4 rats
59 creatures vanquished.

Notes
Turn   | Place    | Note
-------+----------+-------------------------------------------
     0 | D:1      | Descartes the Spriggan Wizard began the quest for the Orb.
     0 | D:1      | Reached XP level 1. HP: 9/9 MP: 6/6
    92 | D:1      | Reached XP level 2. HP: 13/13 MP: 0/8
  1246 | D:1      | Reached skill level 5 in Spellcasting
  1761 | D:2      | Reached XP level 3. HP: 16/16 MP: 6/10
  2238 | D:1      | Reached skill level 1 in Conjurations
  2716 | D:2      | Reached XP level 4. HP: 21/21 MP: 7/12
  3990 | D:3      | Reached XP level 5. HP: 24/24 MP: 0/14
  4742 | D:4      | Noticed a centaur
  4747 | D:4      | Shot with an arrow by a centaur

Levels and vault maps discovered:
D:1:      dpeg_arrival_leaves_temple_mockup, layout_loops_ring, serial_forest,
          infiniplex_forest_join, infiniplex_forest_clump_C,
          infiniplex_forest_straight_3, infiniplex_forest_clump_curved,
          item_on_display_a
D:2:      layout_rooms, grunt_ministairs_11
D:3:      layout_loops_corners, serial_park_tiny_pond, chequers_garden
D:4:      layout_loops_ring, kennysheep_little_box,
          minmay_temple_entry_proselytizer, enter_ossuary_1, uniq_blork_the_orc,
          uniq_menkaure

Skill      XL: |  1  2  3  4  5 |
---------------+----------------+-----
Spellcasting   | 5 |  5.7
Conjurations   | 1 |  1.8
Dodging        | 4 |  4.2
Stealth        | 4 |  4.1
Unarmed Combat | |  0.1
Summonings     | |  0.7
Translocations | |  1.5

Action                   |  1- 3 |  4- 6 || total
-------------------------+-------+-------++-------
Melee: Unarmed           |     5 |       ||     5
       Dagger            |     6 |       ||     6
 Cast: Magic Dart        |   101 |   117 ||   218
Armor: Robe              |     4 |     3 ||     7
Dodge: Dodged            |    31 |    25 ||    56
       Rpst.: Falchion   |       |     3 ||     3
